 Dungeon Crawl Stone Soup version 0.30-b1-2-g02819fbbbe (webtiles) character file.

Game seed: 343967193827566199

2454 Metae the Trooper (level 9, -8/79 HPs)
             Began as a Minotaur Fighter on June 27, 2023.
             Was a Believer of Uskayaw.
             Mangled by a death yak (14 damage)
             ... on level 7 of the Dungeon.
             The game lasted 00:12:39 (7504 turns).

Metae the Trooper (Minotaur Fighter)                Turns: 7504, Time: 00:12:39

Health: -8/79      AC:  9    Str: 25    XL:     9   Next: 25%
Magic:  9/9        EV: 13    Int:  5    God:    Uskayaw [**....]
Gold:   321        SH:  5    Dex: 10    Spells: 8/8 levels left

rFire   . . .        o - +2 dagger (pain)
rCold   . . .        c - +0 buckler
rNeg    . . .        (no body armour)
rPois   +            (helmet restricted)
rElec   .            D - +0 cloak
rCorr   .            s - +1 pair of gloves
SInv    .            F - +1 pair of boots
Will    .....        (no amulet)
Stlth   +            v - ring of poison resistance
HPRegen 0.33/turn    y - +4 ring of protection
MPRegen 0.11/turn

%: no passive effects
@: mighty
A: horns 2, retaliatory headbutt
a: Renounce Religion, Stomp, Line Pass


You were on level 7 of the Dungeon.
You worshipped Uskayaw.
Uskayaw was noncommittal.
You visited 2 branches of the dungeon, and saw 8 of its levels.

You collected 321 gold pieces.

Inventory:

Hand Weapons
 a - a +0 rapier
 o - a +2 dagger of pain (weapon)
Missiles
 f - 42 stones (quivered)
 l - 2 throwing nets
 H - 3 poisoned darts
 I - 2 boomerangs
Armour
 c - a +0 buckler (worn)
 e - a +3 chain mail
 s - a +1 pair of gloves (worn)
 D - a +0 cloak (worn)
 F - a +1 pair of boots (worn)
 J - a +0 plate armour
 N - a +3 plate armour
Jewellery
 v - a ring of poison resistance (left hand)
 y - a +4 ring of protection (right hand)
 z - a ring of protection from cold
 L - a ring of fire
Scrolls
 b - 4 scrolls of teleportation {unknown}
 g - 11 scrolls of identify {unknown}
 k - a scroll of magic mapping {unknown}
 m - 2 scrolls of fear {unknown}
 q - 3 scrolls of poison {unknown}
 r - 2 scrolls of enchant armour {unknown}
 t - 3 scrolls of enchant weapon {unknown}
 w - a scroll of noise {unknown}
 A - 3 scrolls of immolation {unknown}
 B - a scroll of silence {unknown}
 C - a scroll of brand weapon {unknown}
 E - a scroll of vulnerability {unknown}
 G - 3 scrolls of amnesia {unknown}
 M - a scroll of torment {unknown}
 O - a scroll of summoning
Potions
 d - a potion of might
 h - 4 potions of heal wounds {unknown}
 i - a potion of cancellation {unknown}
 j - 3 potions of mutation {unknown}
 n - a potion of invisibility {unknown}
 p - 3 potions of degeneration {unknown}
 u - 2 potions of attraction {unknown}
 x - 2 potions of curing {unknown}
 K - a potion of brilliance {unknown}


   Skills:
 + Level 7.5 Fighting
 + Level 6.4 Short Blades
 + Level 7.4 Armour
 + Level 5.7 Dodging
 + Level 7.4 Shields
 + Level 2.5 Invocations


You had 8 spell levels left.
You didn't know any spells.
Your spell library contained the following spells:

 Spells                   Type           Power      Damage    Failure   Level
 Call Canine Familiar     Summ           0%         N/A       88%         3
 Portal Projectile        Hex/Tloc       0%         N/A       88%         3
 Stone Arrow              Conj/Erth      0%         3d7       88%         3
 Animate Armour           Summ/Erth      0%         N/A       99%         4
 Leda's Liquefaction      Hex/Erth       0%         N/A       99%         4
 Lehudib's Crystal Spear  Conj/Erth      0%         10d2      100%        8


Dungeon Overview and Level Annotations

Branches:
Dungeon (7/15)             Temple (1/1) D:5

Altars:
Ashenzari
Cheibriados
Dithmenos
Elyvilon
Fedhas
Gozag
Hepliaklqana
Makhleb
Okawaru
Sif Muna
Trog
Uskayaw
Vehumet
Zin
The Shining One


Innate Abilities, Weirdness & Mutations

You have a pair of horns on your head.
You reflexively headbutt those who attack you in melee.


Message History

Done exploring.
There is a large open door here.
You can't go down here!
The polar bear growls angrily. x4; The wyvern hisses angrily. x2
The death yak bellows!
The polar bear growls angrily.
The black bear growls angrily. x3; The wyvern hisses angrily.
The hog squeals angrily.
The wyvern hisses angrily.
You open the huge gate. The death yak attacks as you move away!
The death yak gores you! The death yak attacks as you move away!
The death yak gores you. The death yak attacks as you move away!
The death yak gores you! The death yak attacks as you move away!
The death yak gores you!
Okay, then.
You feel very mighty all of a sudden. The death yak gores you.
You puncture the death yak! Your headbutt misses the death yak.
The death yak is lightly wounded.
The death yak closely misses you.
You hit the death yak.
The death yak is moderately wounded.
The death yak gores you but does no damage.
You hit the death yak.
The death yak is moderately wounded.
You barely miss the death yak.
The death yak is moderately wounded.
The death yak gores you!
You puncture the death yak!
The death yak is moderately wounded.
You can now pass through a line of other dancers.
You hit the death yak but do no damage.
The death yak is moderately wounded.
The death yak gores you!
* * * LOW HITPOINT WARNING * * *
You hit the death yak but do no damage.
The death yak is moderately wounded.
The death yak gores you!
* * * LOW HITPOINT WARNING * * *
The death yak attacks as you move away! The death yak gores you!
You die...

###...#........##.#.#..#
#.....#........###.[.#.##########
#.#...#....hhhh# ##.##...........
#.##..###''l'######.#############
#.###......h.ll..##.# #.#
#.......h....l#.# ######## #.#
#...........#h#.# #....... #.#
#############Y#.# #.###### #.#
#...# #..@##.#### #.# #.# ##.##
#.####....# #.# #.#######.# #.#
####.# #.# #.........# #.# #.#
#.# ### ########### #.# #.# #.#
#.. #.# #.# #.# #.# #.# #.# #.#
#.# #.#######.###.# #.#
#.............# #..


You could see a death yak, a polar bear and a wyvern.

Vanquished Creatures
  A steam dragon (D:6)
  2 water moccasins
  A black bear (D:6)
  3 ice beasts (D:6)
  2 orc warriors
  6 ogres
  A centaur (D:7)
  A phantom (D:5)
  A bullfrog (D:7)
  2 scorpions
  5 wights (D:7)
  3 howler monkeys (D:7)
  2 hounds
  A sleepcap (D:5)
  2 iguanas
  2 orc wizards (D:6)
  7 gnolls
  An adder (D:3)
  A shadow imp (D:6)
  2 ufetubi
  2 worms
  4 dart slugs
  11 orcs
  4 bats (D:1)
  6 endoplasms
  A giant cockroach (D:1)
  4 goblins
  5 hobgoblins
  5 jackals (D:3)
  8 kobolds
  5 quokkas
  5 ball pythons
  3 frilled lizards
  6 rats
115 creatures vanquished.

Notes
Turn   | Place    | Note
-------+----------+-------------------------------------------
     0 | D:1      | Metae the Minotaur Fighter began the quest for the Orb.
     0 | D:1      | Reached XP level 1. HP: 19/19 MP: 0/0
   152 | D:1      | Reached XP level 2. HP: 27/27 MP: 1/1
   552 | D:1      | Found a faded altar of an unknown god.
   620 | D:1      | Reached skill level 1 in Dodging
  1091 | D:2      | Reached XP level 3. HP: 33/33 MP: 2/2
  1942 | D:3      | Reached XP level 4. HP: 36/40 MP: 3/3
  2528 | D:4      | Reached XP level 5. HP: 21/47 MP: 4/4
  2642 | D:4      | Found a radiant altar of Vehumet.
  3244 | D:5      | Entered Level 5 of the Dungeon
  3244 | D:5      | Noticed an ogre
  3244 | D:5      | Noticed a phantom
  3298 | D:5      | Noticed an ogre
  3312 | D:5      | Killed an ogre
  3313 | D:5      | Reached XP level 6. HP: 32/53 MP: 5/5
  3389 | D:5      | Reached skill level 5 in Armour
  3389 | D:5      | Reached skill level 5 in Shields
  3436 | D:5      | Found a staircase to the Ecumenical Temple.
  3446 | D:5      | Noticed an orc warrior
  3446 | D:5      | Noticed a water moccasin
  3727 | D:5      | Killed a water moccasin
  3728 | D:5      | Reached skill level 5 in Fighting
  3747 | Temple   | Entered the Ecumenical Temple
  4091 | D:5      | Reached XP level 7. HP: 50/61 MP: 6/6
  4877 | D:6      | Noticed a +0 dagger
  4878 | D:6      | Found a hide-covered altar of Uskayaw.
  4879 | D:6      | Noticed a +0 hand axe
  4941 | D:6      | Became a worshipper of Uskayaw the Reveller
  4971 | D:6      | Reached * piety under Uskayaw
  5023 | D:6      | Reached ** piety under Uskayaw
  5122 | D:6      | Reached skill level 5 in Short Blades
  5122 | D:6      | Reached XP level 8. HP: 70/70 MP: 7/7
  5294 | D:6      | Reached *** piety under Uskayaw
  5513 | D:6      | Reached **** piety under Uskayaw
  6276 | D:7      | Reached skill level 5 in Dodging
  6280 | D:7      | Reached skill level 1 in Invocations
  6289 | D:7      | Reached ***** piety under Uskayaw
  6404 | D:7      | Reached XP level 9. HP: 75/79 MP: 9/9
  6474 | D:7      | Found a bloodstained altar of Trog.
  7031 | D:7      | Found a huge runed translucent gate.
  7031 | D:7      | Found a huge runed translucent gate.
  7031 | D:7      | Found a huge runed translucent gate.
  7031 | D:7      | Found a huge runed translucent gate.
  7031 | D:7      | Noticed a polar bear
  7032 | D:7      | Noticed a polar bear
  7032 | D:7      | Noticed a polar bear
  7032 | D:7      | Noticed a polar bear
  7032 | D:7      | Noticed a polar bear
  7032 | D:7      | Noticed a death yak
  7504 | D:7      | Mangled by a death yak

Illustrated notes

Levels and vault maps discovered:
D:1:      psy_arrival_conway, layout_basic, ebering_ecumenical_altar_box
D:2:      layout_loops_corners
D:3:      layout_basic
D:4:      layout_basic, general_overflow_altar
D:5:      layout_loops_cross, minmay_temple_entry_wispy,
          corexii_leaking_fountain, kennysheep_cross_room,
          kennysheep_nondescript, dreamdust_princess_bridge
D:6:      layout_cave_pods, dancing_weapons_uskayaw
D:7:      lemuel_bear_cage, layout_loops_ring, mainiacjoe_overflow_tiny_flanked,
          kennysheep_generic_room_4
Temple:   hellmonk_temple_forest_ring

Skill      XL: |  1  2  3  4  5  6  7  8  9 |
---------------+----------------------------+-----
Dodging        | 1 2 3 4 5 |  5.7
Shields        | 4 5 6 7 |  7.4
Armour         | 4 5 6 7 |  7.4
Fighting       | 4 5 6 7 |  7.5
Short Blades   | 3 4 5 6 |  6.4
Invocations    | 1 2 |  2.5

Action                     |  1- 3 |  4- 6 |  7- 9 || total
---------------------------+-------+-------+-------++-------
  Melee: Rapier            |    64 |       |       ||    64
         Headbutt          |    23 |    29 |    56 ||   108
         Dagger            |    45 |   139 |   294 ||   478
    Use: Potion            |       |       |     1 ||     1
   Stab: Paralysed         |       |       |     3 ||     3
 Armour: Scale mail        |     3 |       |       ||     3
         Chain mail        |    51 |    60 |   123 ||   234
         Skin              |       |       |     9 ||     9
         Plate armour      |       |       |     1 ||     1
  Dodge: Dodged            |    47 |    38 |    95 ||   180
  Block: Buckler           |    17 |    27 |    40 ||    84
